 Dungeon Crawl Stone Soup version bcrawl-1.13.5 (webtiles) character file.

Game seed: 15294604597762092037

14182 Chiseanne the Spry (level 11, -26/53 HPs)
             Began as a Spriggan Archaeologist on Aug 23, 2019.
             Was an Initiate of Gozag.
             Killed from afar by an efreet (33 damage)
             ... with a fireball
             ... on level 10 of the Dungeon.
             The game lasted 00:29:15 (8543 turns).

Chiseanne the Spry (Spriggan Archaeologist)         Turns: 8543, Time: 00:29:15

Health: -26/53     AC: 11    Str:  8    XL:     11   Next: 85%
Magic:  12/12      EV: 33    Int: 15    God:    Gozag
Gold:   457        SH:  0    Dex: 18    Spells: 10/10 levels left

rFire    . . .     SeeInvis +   w - +8 storm bow {lightning rElec Stlth-}
rCold    + . .     Gourm    .   (shield currently unavailable)
rNeg     . . .     Faith    .   C - +1 troll leather armour
rPois    .         Spirit   .   c - +1 hat
rElec    +         Reflect  .   m - +1 cloak
rCorr    .         Harm     .   (gloves unavailable)
MR       +....                  (boots unavailable)
Stlth    ++........             (no amulet)
HPRegen  0.57/turn              i - ring of insulation
MPRegen  0.13/turn              A - ring of protection from cold

@: hasted, very quick
A: very small, unfitting armour, yellow scales 1, see invisible, herbivore,
speed 3, robust 1, slow metabolism 2
a: Potion Petition, Call Merchant, Bribe Branch, Renounce Religion


You were on level 10 of the Dungeon.
You worshipped Gozag.
Gozag was aware of your devotion.
You were very full.

You visited 1 branch of the dungeon, and saw 10 of its levels.

You collected 1439 gold pieces.
You spent 780 gold pieces at shops.
You paid 202 gold pieces to Gozag.

Inventory:

Hand Weapons
 a - a +3 short sword of draining
 w - the +8 storm bow (weapon) {lightning rElec Stlth-}

   It insulates you from electricity.
   It makes you less stealthy.
Missiles
 e - 441 sling bullets
 o - 99 poisoned tomahawks
 s - 678 poisoned needles
 u - 672 arrows (quivered)
 z - 399 bolts
 D - 66 tomahawks
 N - a throwing net {!f}
Armour
 c - a +1 hat (worn)
 l - a scarf of cloud immunity
 m - a +1 cloak (worn)
 v - the +1 cloak "Juxzemmu" {Str+4, unknown}
   (You found it on level 8 of the Dungeon)

   It affects your strength (+4).
 C - a +1 troll leather armour (worn)
 K - a +2 robe of cold resistance
 O - the cursed +0 hat of Evolution {MR+ Slay+3, unknown}
   (You found it on level 9 of the Dungeon)

   It affects your accuracy and damage with ranged weapons and melee attacks
   (+3).
   It affects your resistance to hostile enchantments.
   It has a curse placed upon it.
Jewellery
 i - a ring of insulation (left hand)
 A - a ring of protection from cold (right hand)
 L - an uncursed ring of flight
Wands
 d - a wand of clouds (4)
 r - a wand of digging (15)
 y - a wand of acid (4)
 E - a wand of disintegration (15)
 H - a wand of iceblast (21)
Scrolls
 b - 4 scrolls of amnesia
 f - 4 scrolls of remove curse
 n - 4 scrolls of teleportation
 q - a scroll of immolation
 M - a scroll of fear
Potions
 h - 3 potions of resistance
 j - a potion of berserk rage
 k - 4 potions of flight
 p - 2 potions of brilliance {unknown}
 t - 4 potions of curing
 x - 2 potions of agility {unknown}
 B - a potion of heal wounds {unknown}
 F - a potion of magic {unknown}
 G - 2 potions of haste
 I - 3 potions of cancellation
 J - 2 potions of mutation
Comestibles
 g - 12 rations {!d}


   Skills:
 - Level 1.4 Fighting
   Level 0.6 Maces & Flails
 - Level 14.0 Bows
 * Level 5.6 Armour
 * Level 18.2 Dodging
 - Level 5.5 Stealth


You had 10 spell levels left.
You didn't know any spells.
Your spell library contained the following spells:

 Spells                   Type           Power        Failure   Level  Hunger
 Apportation              Tloc           #.....       36%         1    ##.....
 Infusion                 Chrm           #.......     36%         1    ##.....
 Sandblast                Erth           #.....       36%         1    ##.....
 Slow                     Hex            #.......     36%         1    ##.....
 Summon Butterflies       Summ           #.......     36%         1    ##.....
 Ensorcelled Hibernation  Hex/Ice        #.....       50%         2    ###....
 Passwall                 Tmut/Erth      #.......     50%         2    ###....
 Stone Arrow              Conj/Erth      #.....       73%         3    ####...
 Petrify                  Tmut/Erth      #.......     98%         4    #####..
 Lee's Rapid Deconstruct  Erth           #.........   100%        5    ######.
 Borgnjor's Vile Clutch   Necr/Erth      #.........   100%        6    #######
 Darkness                 Hex            #.........   100%        6    #######
 Shadow Creatures         Summ           N/A          100%        6    #######
 Time Stop                Chrm/Tloc      N/A          100%        8    #######


Dungeon Overview and Level Annotations

Branches:
Dungeon (10/12)            Temple (0/1) D:7            Lair (0/6) D:7
    Orc: D:8-11

Altars:
Cheibriados
Dithmenos
Elyvilon
Gozag
Kikubaaqudgha
Nemelex Xobeh
Okawaru
Sif Muna
Uskayaw

Shops:
D:7 =(*   D:8 !

Annotations:
D:3 2 runed translucent doors, Chiseanne's ghost, weakling DsAc


Innate Abilities, Weirdness & Mutations

You are very small and have problems with some larger weapons.
You are too small for most types of armour.
You have supernaturally acute eyesight. (SInv)
You are a herbivore.
You cover ground extremely quickly.
You need to consume almost no food.
You are partially covered in yellow scales. (AC +2)
You are robust. (+10% HP)


Message History

Aim: an efreet, wielding a +2 scimitar of flaming You shoot an arrow.
The arrow hits the efreet but does no damage.
The efreet gestures at you.
The fireball explodes!
The fireball engulfs you!
Ouch! That really hurt!
* * * LOW HITPOINT WARNING * * *
You hear a shout! x2
Firing (i - inventory. (/) - cycle)
u - 673 arrows (quivered)
Press: ? - help, Shift-Dir - straight line, f/p - efreet
Aim: an efreet, wielding a +2 scimitar of flaming You shoot an arrow.
The arrow hits the efreet.
The efreet is lightly wounded.
Okay, then.
You feel yourself speed up. The efreet gestures at you.
The fireball explodes!
The fireball engulfs you!
Ouch! That really hurt!
You die...
Your body crumbles into a pile of gold.

. ##.##.##..# #.
#.##....# #.#
##### #...<#..#
...#...#
#..####l.#
###.#...#######.##
..#
#..○○...........#
...
#.###R..######.)#
#..
#...######.#####.#
##
#.....@..)$......#
#...######)#######
#...# #.# #####
#.# #.# ###


You could see an efreet.

Vanquished Creatures
  Psyche (D:9)
  The ghost of tlchr the Blocker, a journeyman FrFi (D:7)
  The ghost of maxquad the Carver, a novice MiAK of Lugonu (D:8)
  The ghost of Rwicked2 the Fencer, a novice MiAc of Okawaru (D:6)
  A glowing orange brain (D:8)
  A wolf spider zombie (D:10)
  5 ugly things
  5 ball lightnings
  The ghost of yrara the Cudgeler, a novice DsFi (D:5)
  A komodo dragon (D:10)
  A merfolk (D:9)
  A troll (D:7)
  Prince Ribbit (D:9)
  2 hippogriffs
  15 yaks
  A wyvern (shapeshifter) (D:8)
  A wyvern (D:9)
  A basilisk (D:7)
  2 neqoxecs (D:8)
  3 hungry ghosts
  Menkaure (D:7)
  3 orc warriors
  2 porcupines (D:7)
  A sky beast (D:9)
  5 ice beasts
  A black bear (shapeshifter) (D:8)
  2 black bears
  An eye of draining (D:8)
  A phantom (D:6)
  4 ogres
  A boggart (shapeshifter) (D:8)
  2 centaurs
  2 crocodiles (D:7)
  3 bullfrogs
  A gnoll sergeant (D:7)
  4 scorpions
  3 crimson imps
  A quasit (D:8)
  2 centaur zombies (D:9)
  5 orc priests
  A centaur skeleton (D:7)
  4 hounds
  A jelly (D:9)
  A bullfrog skeleton (D:7)
  An iguana (D:9)
  3 orc wizards
  9 worker ants
  2 hound skeletons
  A worker ant zombie (D:6)
  6 gnolls
  10 adders
  3 shadow imps
  An ooze (D:2)
  2 adder skeletons
  An adder zombie (D:7)
  3 dart slugs
  2 worms
  6 leopard geckos
  26 orcs
  4 giant cockroaches
  3 goblins
  5 hobgoblins
  15 jackals
  5 quokkas
  A ball python (D:1)
  A ball python skeleton (D:4)
  4 bats (D:1)
  5 frilled lizards
  5 kobolds
  A rat (shapeshifter) (D:8)
  11 rats
  2 plants (D:7)
236 creatures vanquished.

Vanquished Creatures (others)
  103 ball lightnings
  A hound (D:3)
  A bush (D:7)
  2 fungi (D:7)
  7 plants (D:7)
114 creatures vanquished.

Grand Total: 350 creatures vanquished

Notes
Turn   | Place    | Note
-------+----------+-------------------------------------------
     0 | D:1      | Chiseanne the Spriggan Archaeologist began the quest for
                  | the Orb.
     0 | D:1      | Reached XP level 1. HP: 9/9 MP: 2/2
    34 | D:1      | Reached skill level 5 in Stealth
    39 | D:1      | Reached skill level 1 in Fighting
   315 | D:1      | Reached XP level 2. HP: 14/14 MP: 3/3
   683 | D:1      | Reached skill level 5 in Dodging
   877 | D:1      | Reached XP level 3. HP: 18/18 MP: 4/4
  1080 | D:2      | Reached skill level 1 in Bows
  2331 | D:2      | Found an ancient bone altar of Kikubaaqudgha.
  2362 | D:2      | Reached XP level 4. HP: 22/22 MP: 5/5
  2584 | D:4      | Reached skill level 5 in Bows
  3080 | D:4      | Found a sparkling altar of Nemelex Xobeh.
  3081 | D:4      | Found a snail-covered altar of Cheibriados.
  3081 | D:4      | Found an iron altar of Okawaru.
  3083 | D:4      | Found a white marble altar of Elyvilon.
  3169 | D:4      | Noticed a yak
  3170 | D:4      | Noticed a yak
  3170 | D:4      | Noticed a yak
  3171 | D:4      | Noticed a yak
  3172 | D:4      | Noticed a yak
  3172 | D:4      | Noticed a yak
  3207 | D:4      | Killed a yak
  3207 | D:4      | Reached XP level 5. HP: 25/25 MP: 6/6
  3231 | D:4      | Killed a yak
  3231 | D:4      | Reached XP level 6. HP: 30/30 MP: 7/7
  3246 | D:4      | Killed a yak
  3246 | D:4      | Reached skill level 10 in Bows
  3246 | D:4      | Reached XP level 7. HP: 33/33 MP: 8/8
  3246 | D:4      | Killed a yak
  3246 | D:4      | Killed a yak
  3256 | D:4      | Killed a yak
  3387 | D:4      | Reached XP level 8. HP: 37/37 MP: 9/9
  3581 | D:4      | Found a shimmering blue altar of Sif Muna.
  3759 | D:3      | Found a faded altar of an unknown god.
  3785 | D:3      | Noticed a ball lightning
  4122 | D:3      | Found a large runed translucent door.
  4123 | D:3      | Found a large runed translucent door.
  4123 | D:3      | Noticed Chiseanne's ghost (weakling DsAc)
  4266 | D:5      | Entered Level 5 of the Dungeon
  4301 | D:5      | Found a runed translucent door.
  4302 | D:5      | Noticed yrara's ghost (novice DsFi)
  4512 | D:5      | Found a hide-covered altar of Uskayaw.
  4789 | D:5      | Killed yrara's ghost
  4831 | D:6      | Found a runed translucent gate.
  4831 | D:6      | Found a runed translucent gate.
  4831 | D:6      | Found a runed translucent gate.
  4831 | D:6      | Noticed Rwicked2's ghost (novice MiAc)
  4858 | D:6      | Reached XP level 9. HP: 41/41 MP: 10/10
  4867 | D:6      | Reached skill level 6 in Dodging
  4920 | D:6      | Found a snail-covered altar of Cheibriados.
  5199 | D:6      | Reached skill level 7 in Dodging
  5268 | D:6      | Reached skill level 8 in Dodging
  5526 | D:6      | Reached skill level 9 in Dodging
  5742 | D:6      | Reached skill level 10 in Dodging
  5750 | D:6      | Killed Rwicked2's ghost
  5750 | D:6      | Reached skill level 12 in Dodging
  5898 | D:7      | Noticed Menkaure
  5904 | D:7      | Killed Menkaure
  5988 | D:7      | Found a runed translucent gate.
  5990 | D:7      | Found a runed translucent gate.
  5990 | D:7      | Found an opulent altar of Gozag.
  5993 | D:7      | Found a runed translucent gate.
  5994 | D:7      | Noticed tlchr's ghost (journeyman FrFi)
  6003 | D:7      | Noticed a troll
  6009 | D:7      | Reached XP level 10. HP: 30/46 MP: 11/11
  6025 | D:7      | Reached skill level 13 in Dodging
  6042 | D:7      | Killed tlchr's ghost
  6042 | D:7      | Reached skill level 14 in Dodging
  6104 | D:7      | Became a worshipper of Gozag Ym Sagoz the Greedy
  6138 | D:7      | Reached skill level 15 in Dodging
  6189 | D:7      | Found a staircase to the Lair.
  6315 | D:7      | Found Ofuare's Antique Weapon Shop.
  6341 | D:7      | Found Ginos's Assorted Antiques.
  6357 | D:7      | Bought a potion of resistance for 360 gold pieces
  6357 | D:7      | Bought a potion of flight for 108 gold pieces
  6399 | D:7      | Found a staircase to the Ecumenical Temple.
  6497 | D:7      | Found Kujaiz's Jewellery Shoppe.
  6759 | D:7      | Bought a cursed -2 ring of dexterity for 24 gold pieces
  7088 | D:8      | Reached skill level 1 in Armour
  7171 | D:8      | Reached skill level 16 in Dodging
  7191 | D:8      | Found Sannupyx's Distillery.
  7222 | D:8      | Bought a potion of haste for 120 gold pieces
  7222 | D:8      | Bought a potion of cancellation for 96 gold pieces
  7248 | D:8      | Bought a potion of curing for 36 gold pieces
  7248 | D:8      | Bought a potion of curing for 36 gold pieces
  7292 | D:8      | Got a brightly glowing cloak
  7362 | D:8      | Found a runed translucent gate.
  7362 | D:8      | Found a runed translucent gate.
  7362 | D:8      | Found a runed translucent gate.
  7362 | D:8      | Noticed a brown ugly thing
  7362 | D:8      | Noticed a white ugly thing
  7362 | D:8      | Noticed a red ugly thing
  7362 | D:8      | Noticed a glowing orange brain
  7363 | D:8      | Noticed a white ugly thing
  7390 | D:8      | Killed a red ugly thing
  7393 | D:8      | Killed a white ugly thing
  7393 | D:8      | Reached XP level 11. HP: 43/49 MP: 12/12
  7400 | D:8      | Killed a glowing orange brain
  7436 | D:8      | Killed a white ugly thing
  7457 | D:8      | Killed a white ugly thing
  7515 | D:8      | Found a runed translucent gate.
  7515 | D:8      | Found a runed translucent gate.
  7518 | D:8      | Noticed maxquad's ghost (novice MiAK)
  7523 | D:8      | Found a runed translucent gate.
  7574 | D:8      | Killed maxquad's ghost
  7574 | D:8      | Reached skill level 17 in Dodging
  7723 | D:8      | Gained mutation: You are frail. (-10% HP) [mutagenic glow]
  7730 | D:8      | Lost mutation: You are frail. (-10% HP) [potion of
                  | mutation]
  7730 | D:8      | Gained mutation: You are partially covered in yellow
                  | scales. (AC +2) [potion of mutation]
  7730 | D:8      | Gained mutation: You are robust. (+10% HP) [potion of
                  | mutation]
  7751 | D:9      | Found an opulent altar of Gozag.
  7761 | D:9      | Noticed Prince Ribbit
  7768 | D:9      | Killed Prince Ribbit
  7807 | D:9      | Found a shadowy altar of Dithmenos.
  7825 | D:9      | Noticed Psyche
  7830 | D:9      | Killed Psyche
  7878 | D:9      | Reached skill level 5 in Armour
  8124 | D:9      | Got a slimy hat
  8364 | D:10     | Entered Level 10 of the Dungeon
  8412 | D:10     | Noticed a green ugly thing
  8424 | D:10     | Noticed a cyan ugly thing
  8463 | D:10     | Killed a cyan ugly thing
  8467 | D:10     | Reached skill level 18 in Dodging
  8543 | D:10     | Killed from afar by an efreet

Skill      XL: |  1  2  3  4  5  6  7  8  9 10 11 |
---------------+----------------------------------+-----
Stealth        | 5 |  5.5
Fighting       | 1 |  1.4
Dodging        | 5 12 16 18 | 18.2
Bows           | 4 8 9 10 11 14 | 14.0
Armour         | 2 5 |  5.6
Maces & Flails | |  0.6

Action                   |  1- 3 |  4- 6 |  7- 9 | 10-12 || total
-------------------------+-------+-------+-------+-------++-------
Melee: Whip              |   148 |       |       |       ||   148
       Short sword       |    96 |    23 |     6 |       ||   125
 Fire: Shortbow          |       |     1 |   135 |   218 ||   354
Throw: Tomahawk          |       |    35 |       |       ||    35
Evoke: Wand              |       |       |       |     4 ||     4
  Use: Scroll            |       |     7 |     9 |     1 ||    17
       Potion            |       |       |       |     2 ||     2
 Stab: Sleeping          |    13 |       |       |       ||    13
  Eat: Ration            |       |     2 |       |     1 ||     3
Armor: Robe              |    35 |     3 |     3 |       ||    41
       Troll leather arm |       |       |       |     1 ||     1
Dodge: Dodged            |   275 |    33 |    14 |    13 ||   335
